 Dungeon Crawl Stone Soup version 0.31.0-4-g52a2dc7128 (webtiles) character file.

Game seed: 1475578013910866702

4293 ProzacElf the Skirmisher (level 9, -2/74 HPs)
             Began as a Demigod Hunter on Jan 23, 2024.
             Incinerated by a smoke demon (5 damage)
             ... with a pyre arrow
             ... on level 1 of the Abyss.
             The game lasted 00:20:53 (8187 turns).

ProzacElf the Skirmisher (Demigod Hunter)           Turns: 8187, Time: 00:20:54

Health: -2/74      AC: 20    Str: 20    XL:     9   Next: 86%
Magic:  11/11      EV: 13    Int: 11    God:
Gold:   259        SH:  0    Dex: 21    Spells: 8/8 levels left

rFire   . . .        a - +0 arbalest
rCold   . . .        (shield currently unavailable)
rNeg    . . .        I - +0 plate armour
rPois   +            S - +0 helmet
rElec   .            E - +1 cloak {rPois}
rCorr   .            z - +0 pair of gloves
SInv    .            f - +0 pair of boots
Will    .....        (no amulet) Stlth
                     o - +5 ring of evasion {=R}
HPRegen 0.32/turn    W - +4 ring of protection
MPRegen 0.12/turn

%: no passive effects
@: on fire, hasted, glowing, very quick
A: high MP 1, forlorn, divine attributes, subdued magic 1, inability to read
after injury 1
a: no special abilities


You were on level 1 of the Abyss.
You visited 1 branch of the dungeon, and saw 9 of its levels.
You visited the Abyss 1 time.
You also visited: Sewer.

You collected 398 gold pieces.
You spent 139 gold pieces at shops.

Inventory:

Hand Weapons
 a - a +0 arbalest (weapon)
 b - a +0 trident of venom
 v - a +0 hand axe
 B - a +0 falchion of protection
 J - a +1 shortbow
 P - a +0 dagger of venom
Missiles
 q - 12 poisoned darts
Armour
 c - a +0 leather armour
 d - a +0 chain mail
 f - a +0 pair of boots (worn)
 m - a +1 scale mail of poison resistance
 z - a +0 pair of gloves (worn)
 D - a +0 cloak
 E - a +1 cloak of poison resistance (worn)
 I - a +0 plate armour (worn)
 S - a +0 helmet (worn)
 T - +0 acid dragon scales
 U - a scarf of resistance
Jewellery
 o - a +5 ring of evasion (left hand) {=R}
 L - a ring of flight
 W - a +4 ring of protection (right hand)
Talismans
 n - a beast talisman
 G - a maw talisman
Wands
 K - a wand of charming (4)
 M - a wand of polymorph (5)
 Q - a wand of iceblast (8)
Scrolls
 e - a scroll of butterflies
 h - a scroll of enchant weapon
 j - a scroll of blinking
 y - 2 scrolls of enchant armour
 A - a scroll of torment
 C - 2 scrolls of poison {unknown}
 F - a scroll of revelation
 H - 2 scrolls of teleportation {unknown}
 N - a scroll of immolation {unknown}
 O - 2 scrolls of amnesia {unknown}
 R - 2 scrolls of fear {unknown}
 V - 2 scrolls of brand weapon {unknown}
Potions
 g - a potion of attraction
 i - a potion of degeneration
 k - a potion of magic
 l - 3 potions of brilliance
 p - 2 potions of ambrosia {!e}
 r - 4 potions of curing
 s - a potion of mutation
 t - a potion of resistance {unknown}
 u - a potion of haste
 w - 3 potions of enlightenment
 x - 3 potions of cancellation


   Skills:
 - Level 5.0 Fighting
 - Level 10.0 Ranged Weapons
 + Level 2.1 Armour
 - Level 5.0 Dodging
 - Level 0.8 Stealth
 + Level 6.7 Evocations


You had 8 spell levels left.
You didn't know any spells.
Your spell library contained the following spells:

 Spells                   Type           Power      Damage    Failure   Level
 Dazzling Flash           Conj/Hex       0%         N/A       100%        3
 Volatile Blastmotes      Fire/Tloc      0%         2d10      100%        3
 Starburst                Conj/Fire      0%         6d3       100%        6
 Maxwell's Capacitive Co  Air            0%         ∞         100%        8


Dungeon Overview and Level Annotations

Branches:
Dungeon (9/15)             Temple (0/1) D:5           Sewer (visited)
   Lair: D:8-11         Orc: D:9-12

Shops:
D:3 [   D:7 [   D:8 =

Annotations:
D:5 1 runed translucent door


Innate Abilities, Weirdness & Mutations

You have an increased reservoir of magic. (+10% MP)
You shall have no god before yourself.
Your divine heritage dramatically boosts your attributes as you level up.
Your spells are a little easier to cast, but a little less powerful.
You occasionally lose the ability to read scrolls when taking damage.


Message History

Tha smoke demon hits ye but does nay damage.
Tha smoke demon misses ye.
Tha small abomination attacks as it pursues ye!
Tha small abomination barely misses ye.
Tha deep elf knight gestures wildly while chantin'.
Tha deep elf knight flickers an' vanishes!
Deactivatin' autopickup; reactivate wit' Ctrl-A.
Tha deep elf pyromancer gestures wildly while chantin'.
Tha deep elf pyromancer blinks!
Tha small abomination hits ye.
* * * LOW HITPOINT WARNIN'
* * * Ye take 3 damage, an' haf 8/74 hp.
Tha worldbinder calls forth creatures from tha Elv'n Halls!
Tha small abomination attacks as it pursues ye!
Tha small abomination closely misses ye.
Fire: a) +0 arbalest
Press: ? - help, Q - select action, (/) - cycle Shift-Dir - straight line, f/p - small abomination
Aim: a small abomination (severely damaged, 65% ta hit) Ye shoot a bolt.
Tha bolt hits tha small abomination!!
Ye destroy tha small abomination!
Tha smoke demon gestures at ye.
Tha pyre arrow hits ye.
Ye be cov'red in intense liquid fire!
Yer Armour skill increases ta level 2! 2 laughin' skulls come inta view.
MP restored: 11 Okay, than.
Ye feel yerself speed up.
Tha liquid fire burns ye!
* * * LOW HITPOINT WARNIN'
* * * Tha laughin' skull gives a hideous shriek! x2
Tha deep elf pyromancer gestures wildly while chantin'.
Tha worldbinder closely misses ye.
Tha worldbinder hits ye but does nay damage.
Tha smoke demon hits ye but does nay damage. x2
Tha smoke demon barely misses ye.
Ye take 6 damage, an' haf 3/74 hp.
Ye shake off some o' tha fire as ye move.
Tha liquid fire burns ye!
Ye die...

. #.... .#.
..... ... #...#
..#.#...## ###
.#.##...#.###..
..#.#...####≈..
#.#~..~..##....
###>..@#.......
###≈..⌠........
##≈.zx3.......
..#≈.....E#....
#######e#.##≈..
### .##ez.### .
###.#.E.§§.###.
## ##≈.........
##.##≈..z.... .


You could see a deep elf knight (summoned), a deep elf pyromancer (summoned), a
worldbinder, a smoke demon, a fire elemental (summoned) and 2 laughing skulls.

Vanquished Creatures
  A harpy zombie (Abyss:1)
  A troll (D:9)
  A hornet (D:8)
  Grinder (D:5)
  Sigmund (D:3)
  A yak (D:9)
  A neqoxec (Abyss:1)
  Grum (D:9)
  A small abomination (Abyss:1)
  An acid dragon (D:9)
  Duvessa (D:7)
  A water moccasin (D:6)
  3 ice beasts
  A black bear (D:6)
  2 ogres (D:5)
  4 wolves (D:9)
  A centaur (D:9)
  A brain worm (D:7)
  A bullfrog (D:7)
  A gnoll sergeant (D:6)
  6 scorpions (D:5)
  Dowan (D:7)
  A howler monkey (D:7)
  A bombardier beetle (D:7)
  4 jellies
  2 hounds
  An orc priest (D:6)
  A gnoll bouda (D:4)
  2 sleepcaps
  5 iguanas
  2 orc wizards
  A hell rat (Sewer)
  Robin (D:3)
  8 adders
  11 gnolls
  A river rat (Sewer)
  2 shadow imps
  A white imp (D:3)
  A ribbon worm (D:2)
  4 dart slugs
  16 orcs
  8 ball pythons
  17 endoplasms
  15 giant cockroaches
  15 goblins
  8 hobgoblins
  4 jackals (D:1)
  5 quokkas
  3 bats
  4 frilled lizards
  18 kobolds
  10 rats
205 creatures vanquished.

Notes
Turn   | Place    | Note
-------+----------+-------------------------------------------
     0 | D:1      | ProzacElf the Demigod Hunter began the quest for the Orb.
     0 | D:1      | Reached XP level 1. HP: 17/17 MP: 3/3
   149 | D:1      | Reached XP level 2. HP: 24/24 MP: 4/4
   198 | D:1      | Reached skill level 4 in Ranged Weapons
   443 | D:1      | Reached XP level 3. HP: 29/29 MP: 5/5
  1423 | D:2      | Reached XP level 4. HP: 36/36 MP: 6/6
  1611 | D:2      | Reached skill level 5 in Ranged Weapons
  1611 | D:2      | Reached XP level 5. HP: 18/41 MP: 7/7
  1951 | D:3      | Noticed Robin
  2197 | D:3      | Found a glowing drain.
  2220 | Sewer    | Entered a sewer
  2529 | D:3      | Identified the +1 robe of the Little Devil {rN+}
  2699 | D:3      | Killed Robin
  2827 | D:3      | Noticed Sigmund
  2837 | D:3      | Killed Sigmund
  2838 | D:3      | Reached XP level 6. HP: 48/48 MP: 8/8
  2905 | D:3      | Reached skill level 6 in Ranged Weapons
  2905 | D:3      | Reached skill level 5 in Dodging
  3126 | D:3      | Found Sucrubb's Armour Shop.
  3134 | D:3      | Bought a +0 cloak of poison resistance for 85 gold pieces
  4071 | D:5      | Entered Level 5 of the Dungeon
  4084 | D:5      | Reached XP level 7. HP: 42/53 MP: 9/9
  4318 | D:5      | Reached skill level 7 in Ranged Weapons
  4508 | D:5      | Found a staircase to the Ecumenical Temple.
  4718 | D:5      | Reached skill level 8 in Ranged Weapons
  4813 | D:5      | Noticed Grinder
  4814 | D:5      | Paralysed by Grinder for 3 turns
  4828 | D:5      | Killed Grinder
  4829 | D:5      | Reached XP level 8. HP: 53/60 MP: 10/10
  5078 | D:5      | Found a runed translucent door.
  5080 | D:5      | Found a runed translucent door.
  5245 | D:5      | Reached skill level 9 in Ranged Weapons
  5333 | D:6      | Reached skill level 10 in Ranged Weapons
  5336 | D:6      | Reached skill level 1 in Evocations
  5806 | D:5      | HP: 3/62 [poisoned by a gnoll sergeant]
  6888 | D:7      | Noticed Dowan
  6889 | D:7      | Noticed Duvessa
  6893 | D:7      | Killed Dowan
  6898 | D:7      | Killed Duvessa
  6923 | D:7      | Noticed Maurice
  6933 | D:7      | Maurice changed into Maurice the brain worm
  6933 | D:7      | Noticed Maurice
  7041 | D:7      | Killed Maurice the brain worm
  7042 | D:7      | Reached XP level 9. HP: 71/71 MP: 11/11
  7179 | D:7      | Found Tymuurri's Armour Boutique.
  7187 | D:7      | Bought a +0 helmet for 54 gold pieces
  7277 | D:7      | You are sucked into a shaft and drop 2 floors!
  7440 | D:9      | Noticed Grum
  7454 | D:9      | Killed Grum
  7768 | D:9      | Reached skill level 5 in Fighting
  7809 | D:9      | Reached skill level 5 in Evocations
  7965 | D:8      | Found Ruic's Jewellery Emporium.
  8079 | Abyss:1  | Cast into level 1 of the Abyss (orc wizard)
  8132 | Abyss:1  | Noticed a starcursed mass
  8140 | Abyss:1  | Gained mutation: You occasionally lose the ability to read
                  | scrolls when taking damage. [a neqoxec]
  8173 | Abyss:1  | Gained mutation: Your spells are a little easier to cast,
                  | but a little less powerful. [a neqoxec]
  8174 | Abyss:1  | Reached skill level 1 in Armour
  8176 | Abyss:1  | Noticed a smoke demon
  8177 | Abyss:1  | Noticed a worldbinder
  8181 | Abyss:1  | Noticed a deep elf knight
  8181 | Abyss:1  | Noticed a deep elf pyromancer
  8185 | Abyss:1  | Noticed a deep elf knight
  8186 | Abyss:1  | HP: 3/74 [burnt (6)]
  8187 | Abyss:1  | Incinerated by a smoke demon

Illustrated notes

Levels and vault maps discovered:
D:1:      arrival_zaba_pyramid, layout_basic
D:2:      cheibrodos_fertilizer, layout_basic
D:3:      layout_loops_ring, serial_shops, shop, gup_sewer_entry_glass,
          chequers_ecumenical_altar_island, hangedman_decor_points, uniq_robin,
          uniq_sigmund
D:4:      layout_cave_pods, gammafunk_temple_overflow_elements,
          chequers_serial_rivers_micro_a, chequers_garden
D:5:      lemuel_insect_pit, layout_cave_pools, minmay_temple_entry_sparse_star,
          uniq_grinder
D:6:      layout_cave_pods, worldfamousw_hep_ancestral_shrine
D:7:      layout_gridville, serial_shops, shop, uniq_maurice, uniq_duvessa
D:8:      layout_basic, serial_shops, nicolae_shop_advertising_works
          [nicolae_subvault_shop_adworks]
D:9:      layout_loops_ring, kennysheep_mini, nicolae_sif_muna_little_library,
          uniq_jeremiah, uniq_grum
Abyss:1:  base: Temple, lemuel_flamethrower_2

Skill      XL: |  1  2  3  4  5  6  7  8  9 |
---------------+----------------------------+-----
Dodging        | 2 3 4 5 |  5.0
Ranged Weapons | 4 5 6 8 10 | 10.0
Fighting       | 3 5 |  5.0
Evocations     | 3 6 |  6.7
Armour         | 2 |  2.1
Stealth        | |  0.8

Action                     |  1- 3 |  4- 6 |  7- 9 || total
---------------------------+-------+-------+-------++-------
  Melee: Dagger            |       |     5 |       ||     5
   Fire: Shortbow          |   131 |   310 |   103 ||   544
         Arbalest          |       |       |   179 ||   179
  Evoke: Wand              |       |       |     2 ||     2
    Use: Scroll            |       |     5 |     9 ||    14
         Potion            |       |       |     6 ||     6
 Armour: Chain mail        |    48 |       |       ||    48
         Scale mail        |     9 |   102 |       ||   111
         Plate armour      |       |    37 |   299 ||   336
  Dodge: Dodged            |    35 |   220 |   255 ||   510

Action                     |  1- 3 |  4- 6 |  7- 9 || total
---------------------------+-------+-------+-------++-------
  Melee: Dagger            |       |     5 |       ||     5
   Fire: Shortbow          |   131 |   310 |   103 ||   544
         Arbalest          |       |       |   179 ||   179
  Evoke: Wand              |       |       |     2 ||     2
    Use: Scroll            |       |     5 |     9 ||    14
         Potion            |       |       |     6 ||     6
 Armour: Chain mail        |    48 |       |       ||    48
         Scale mail        |     9 |   102 |       ||   111
         Plate armour      |       |    37 |   299 ||   336
  Dodge: Dodged            |    35 |   220 |   255 ||   510

Levels and vault maps discovered:
D:1:      arrival_zaba_pyramid, layout_basic
D:2:      cheibrodos_fertilizer, layout_basic
D:3:      layout_loops_ring, serial_shops, shop, gup_sewer_entry_glass,
          chequers_ecumenical_altar_island, hangedman_decor_points, uniq_robin,
          uniq_sigmund
D:4:      layout_cave_pods, gammafunk_temple_overflow_elements,
          chequers_serial_rivers_micro_a, chequers_garden
D:5:      lemuel_insect_pit, layout_cave_pools, minmay_temple_entry_sparse_star,
          uniq_grinder
D:6:      layout_cave_pods, worldfamousw_hep_ancestral_shrine
D:7:      layout_gridville, serial_shops, shop, uniq_maurice, uniq_duvessa
D:8:      layout_basic, serial_shops, nicolae_shop_advertising_works
          [nicolae_subvault_shop_adworks]
D:9:      layout_loops_ring, kennysheep_mini, nicolae_sif_muna_little_library,
          uniq_jeremiah, uniq_grum
Abyss:1:  base: Temple, lemuel_flamethrower_2
